cohdb
Replays
Latest Replays
All Replays
Popular Replays
Top Player Replays
Match Explorer
How It Works
Community
CoH3 Stats
Reddit
Sign in to upload your games and track your stats! →
Sign in with Steam
Match 41443260
Unlisted
Match 41443260
Overview
Messages
Build Orders
End
Kradschützen Motorcycle Team
Selects Panzerjäger Kommand Battlegroup
Selects Mine Fields
Panzergrenadier Squad
250 Light Carrier
Panzergrenadier Squad
Construct Light Support Kompanie
MG34 Team
Fire Support Elements
Selects Tank Busters
Panzerjäger Mechanized Group
Flakvierling Half-track
Selects Defensive Positions
Construct Mechanized Kompanie
Veteran Squad Leaders
StuG III D Assault Gun
Selects Butterfly Bomb Drop
Construct Panzerarmee Kommand
Butterfly Bomb Drop
Armored Reserves
Panzergrenadier Squad
Selects Crew Shock Tactics
Panzer IV Assault Group
Butterfly Bomb Drop
catmeme71
Hans Sturm DE
ks
Mael Radec
Randall Dean Clark
marty_not_mcfly
nateums
Sk8erGirl
0
0
Comments
sign in to comment!
No comments posted yet!